 Dungeon Crawl Stone Soup version 0.17-a0-1778-gd369669 (webtiles) character file.

107 ololoev the Poker (level 4, 0/36 HPs)
             Began as a Draconian Skald on Sept 8, 2015.
             Slain by a gnoll
             ... wielding a +0 spear
              (3 damage)
             ... on level 2 of the Dungeon.
             The game lasted 00:02:27 (1614 turns).

ololoev the Poker (Draconian Skald)                 Turns: 1614, Time: 00:02:27

Health: 0/36       AC:  8    Str: 14    XL:     4   Next: 56%
Magic:  0/7        EV: 12    Int: 12    God:
Gold:   43         SH:  0    Dex: 12    Spells: 2 memorised, 4 levels left

rFire  . . .     SeeInvis .     a - +1 spear
rCold  . . .     Clarity  .     (armour unavailable)
rNeg   . . .     SustAt   .     (no shield)
rPois  .         Gourm    .     (helmet restricted)
rElec  .         Spirit   .     (no cloak)
rCorr  .         Warding  .     g - +2 pair of gloves
rMut   .         Rnd*Tele +     (no boots)
MR     .....                    (no amulet)
Stlth  +.........               (no ring)
                                k - ring of teleportation (curse)

@: singing (expiring), not resistant to hostile enchantments, very unstealthy
A: unfitting armour, cold-blooded, AC +5
a: Stop Singing, Evoke Teleportation


Innate Abilities, Weirdness & Mutations

Your plain brown scales are hard (AC +5).
Your body does not fit into most forms of armour.
You are cold-blooded and may be slowed by cold attacks.

Inventory:

Hand weapons
 a - a +1 spear (weapon)
Armour
 g - a +2 pair of gloves (worn)
Jewellery
 k - a cursed ring of teleportation (left hand)
Potions
 d - 2 potions of heal wounds
 e - 2 potions of agility
 f - a potion of degeneration {unknown}
 h - a potion of haste
 l - a potion of curing {unknown}
Books
 b - a book of Battle

   Spells                             Type                      Level
   a - Infusion                       Charms                       1
   b - Shroud of Golubria             Charms/Translocation         2
   c - Song of Slaying                Charms                       2
   d - Spectral Weapon                Hexes/Charms                 3
   e - Regeneration                   Charms/Necromancy            3
Comestibles
 c - a bread ration
 j - 6 chunks of flesh


   Skills:
 - Level 2.1 Fighting
 + Level 4.8 Polearms
 - Level 1.3 Dodging
 - Level 2.0 Spellcasting
 - Level 2.6 Charms


You had 4 spell levels left.
You knew the following spells:

 Your Spells              Type           Power        Failure   Level  Hunger
a - Infusion              Chrm           #.....       12%         1    ##.....
b - Song of Slaying       Chrm           #.......     14%         2    ###....


You were on level 2 of the Dungeon.
You were hungry.

You visited 1 branch of the dungeon, and saw 2 of its levels.

You collected 43 gold pieces.

#.. #........
######'#### #........
#.........# #........
##.........# ##'######
...........# #.#
...........# #.#.# #g#
#.#.# #####)# #.#.#
#...@.# #)#.#
#.##########...#
#.#.......###..#
######'###.###.# #..#
............# #.# #..#
..........#####+####.#
...........<......##>#
#######.....##....##.#
#.....##....##'##

Notes
Turn   | Place    | Note
--------------------------------------------------------------
     0 | D:1      | ololoev the Draconian Skald began the quest for the Orb.
     0 | D:1      | Reached XP level 1. HP: 17/17 MP: 3/3
   117 | D:1      | Reached XP level 2. HP: 11/24 MP: 0/5
   193 | D:1      | Reached skill level 3 in Polearms
  1002 | D:2      | Found a burning altar of Makhleb.
  1003 | D:2      | Noticed a balrug
  1007 | D:2      | Noticed a hellwing
  1007 | D:2      | Noticed an orange demon
  1031 | D:2      | Reached XP level 3. HP: 18/29 MP: 6/6
  1254 | D:2      | Found an iron altar of Okawaru.
  1256 | D:2      | Found a basalt altar of Yredelemnul.
  1347 | D:2      | Noticed Jessica
  1360 | D:2      | Killed Jessica
  1360 | D:2      | Reached skill level 4 in Polearms
  1408 | D:2      | Reached XP level 4. HP: 36/36 MP: 7/7
  1550 | D:2      | Learned a level 2 spell: Song of Slaying
  1614 | D:2      | Slain by a gnoll

Dungeon Overview and Level Annotations

Branches:
Dungeon (2/15)

Altars:
Makhleb
Okawaru
Yredelemnul


Message History

You see here a spear.
Attack whom?
Press: ? - help, Dir - move target cursor, f - gnoll
Aim: a gnoll, wielding a club You hit the gnoll.
You tail-slap the gnoll.
The gnoll is moderately wounded.
The gnoll barely misses you. The gnoll hits you with a club.
Attack whom?
Press: ? - help, Dir - move target cursor, f/p - gnoll
Aim: a gnoll, wielding a club (moderately wounded)
You hit the gnoll.
The gnoll is severely wounded.
The gnoll hits you from afar with a spear.
The gnoll barely misses you.
Attack whom?
Press: ? - help, Dir - move target cursor, f/p - gnoll
Aim: a gnoll, wielding a club (severely wounded)
You hit the gnoll.
You kill the gnoll!
The gnoll closely misses you.
Attack whom?
Press: ? - help, Dir - move target cursor, f - gnoll
Aim: a gnoll, wielding a spear You reach to attack!
You hit the gnoll.
The gnoll is moderately wounded.
You are no longer magically infusing your attacks.
Attack whom?
Press: ? - help, Dir - move target cursor, f/p - gnoll
Aim: a gnoll, wielding a spear (moderately wounded)
You reach to attack!
You barely miss the gnoll.
The gnoll is moderately wounded.
Your song is almost over.
The gnoll hits you from afar with a spear.
Attack whom?
Press: ? - help, Dir - move target cursor, f/p - gnoll
Aim: a gnoll, wielding a spear (moderately wounded)
You reach to attack!
You hit the gnoll.
The gnoll is heavily wounded.
The gnoll hits you from afar with a spear.
You die...

You could see a gnoll.

Vanquished Creatures
  Jessica (D:2)
  2 gnolls (D:2)
  2 adders (D:2)
  2 worms (D:2)
  3 bats
  2 giant cockroaches (D:2)
  8 hobgoblins
  6 jackals
  A quokka (D:2)
  3 goblins
  6 kobolds
  6 rats
42 creatures vanquished.

Action                   |  1- 3 |  4- 6 || total
-------------------------+-------+-------++-------
Melee: Spear             |   136 |    40 ||   176
 Cast: Infusion          |     1 |     1 ||     2
       Song of Slaying   |       |     2 ||     2
  Use: Scroll            |     4 |     2 ||     6
 Stab: Sleeping          |     3 |       ||     3
  Eat: Chunk             |     2 |       ||     2

Vault maps used:
D:1:      roderic_crop_circles_arrival_small
D:2:      grunt_temple_overflow_open, makhleb_altar_promises_db, uniq_jessica
